Map: Acid Plant LE

Players

Fedora - Winner!

  • Race: Zerg Zerg
  • League: Platinum
  • Spawn Location: 5:00

VOD

Have the link to the VOD?

Description

I'm testing how spawning tool works but this is a build for a style of zerg that can go toe to toe with mech/protoss deathball although it is still being worked on

Time

  • Played on: May 28, 2018, 7:35 p.m.
  • Length: 12:09
Show
View Real Time Build Order
Export as new Build Order

Fedora Zerg - Winner!

Build Orders: Hatch First, Lurkers, Swarm Host 

Get SALT Encoding   

  12  0:02  Drone  
  12  0:13  Overlord  
  12  0:17  Drone  
  12  0:31  Drone x2  
  12  0:35  Drone  
  12  0:46  Drone  
  12  0:56  Hatchery  
  12  1:00  Drone  
  12  1:01  Extractor  
  12  1:15  Spawning Pool  
  12  1:17  Drone  
  12  1:21  Drone  
  12  1:29  Drone  
  12  1:39  Overlord  
  12  1:51  Drone  
  12  2:03  Metabolic Boost  
  12  2:06  Drone  
  12  2:09  Drone, Queen  
  12  2:11  Queen  
  12  2:20  Drone x2  
  12  2:38  Hatchery  
  12  2:42  Drone x2  
  12  2:45  Drone  
  12  2:54  Lair  
  12  2:56  Drone  
  12  2:59  Drone  
  12  3:02  Drone  
  12  3:04  Drone  
  12  3:07  Drone  
  12  3:10  Drone  
  12  3:22  Overlord  
  12  3:26  Overlord  
  12  3:40  Queen  
  12  3:44  Drone x3  
  12  3:47  Drone x3  
  12  3:52  Queen  
  12  3:57  Hydralisk Den  
  12  3:59  Infestation Pit, Drone x2  
  12  4:01  Drone  
  12  4:02  Drone x3  
  12  4:06  Overlord  
  12  4:09  Extractor x2  
  12  4:11  Extractor  
  12  4:13  Drone x2, Extractor  
  12  4:17  Extractor  
  12  4:26  Queen  
  12  4:27  Queen  
  12  4:29  Drone  
  12  4:30  Drone  
  12  4:36  Drone  
  12  4:37  Drone  
  12  4:42  Drone x3  
  12  4:43  Drone x2  
  12  4:46  Drone x2  
  12  4:48  Drone  
  12  4:58  Lurker Den  
  12  5:00  Drone x2  
  12  5:01  Drone x2  
  12  5:21  Overlord  
  12  5:24  Overlord  
  12  5:38  Queen x3  
  12  5:50  Infestor x5  
  12  5:53  Overlord x3  
  12  5:54  Overlord  
  12  6:15  Hydralisk x5  
  12  6:19  Hatchery  
  12  6:32  Hydralisk x4  
  12  6:36  Swarm Host x3  
  12  7:06  Lurker x4  
  12  7:07  Lurker x2  
  12  7:10  Overlord x5  
  12  7:11  Overlord  
  12  7:19  Overlord x3  
  12  7:21  Overseer  
  12  7:46  Queen  
  12  7:48  Drone x6  
  12  7:49  Drone x7  
  12  7:50  Drone x3  
  12  7:54  Swarm Host x4  
  12  7:58  Lurker x3  
  12  8:23  Queen  
  12  8:24  Queen  
  12  8:28  Swarm Host x2  
  12  8:29  Swarm Host x6  
  12  8:35  Overseer  
  12  8:39  Hive  
  12  9:01  Infestor x4  
  12  9:04  Swarm Host  
  12  9:09  Queen, Extractor  
  12  9:10  Extractor  
  12  9:22  Queen  
  12  9:26  Queen  
  12  9:53  Queen  
  12  10:26  Overlord x2  
  12  10:41  Adaptive Talons  
  12  10:44  Queen x3  
  12  10:47  Nydus Network  
  12  10:51  Nydus Network  
  12  10:53  Queen  
  12  11:19  Queen  
Tags
 
Add a new tag
Caveats
  • Supply blocks, unpowered buildings, or Contaminate may cause inaccurate times.
  • Supply counts are checked every 10 seconds.